 Dungeon Crawl Stone Soup version 0.30-a0-58-gc0703345a7 (webtiles) character file.

Game seed: 14671129456845360713

2889 ytrimaz the Transmogrifier (level 9, -2/63 HPs)
             Began as an Octopode Transmuter on Sept 11, 2022.
             Slain by a yak (13 damage)
             ... on level 7 of the Dungeon.
             The game lasted 00:11:49 (9853 turns).

ytrimaz the Transmogrifier (Octopode Transmuter)    Turns: 9853, Time: 00:11:49

Health: -2/63      AC: 15    Str: 10    XL:     9   Next: 77%
Magic:  15/21      EV: 10    Int: 19    God:
Gold:   432        SH:  0    Dex: 12    Spells: 12/24 levels left

rFire   x . .      SeeInvis +      - Unarmed
rCold   + + +      Faith    .    (shield currently unavailable)
rNeg    . . .      Spirit   .    (helmet currently unavailable)
rPois   +          Reflect  .    (no amulet)
rElec   .          Harm     .    v - ring of see invisible
rCorr   .          Rampage  .    (no ring)
Will    .....                    (no ring)
Stlth   +.........               (no ring)
HPRegen 0.20/turn                (no ring)
MPRegen 0.17/turn                (no ring)
                                 (no ring)
                                 (no ring)

@: ice-armoured, ice-form, wereblooded
A: freezing attack, boosted hp, almost no armour, amphibious, 8 rings, large,
(camouflage 1), (gelatinous body 1), (nimble swimmer 1), (tentacles)
a: End Transformation


You were on level 7 of the Dungeon.
You were a creature of crystalline ice.
You visited 1 branch of the dungeon, and saw 7 of its levels.

You collected 432 gold pieces.


Innate Abilities, Weirdness & Mutations

You are a creature of crystalline ice.
You have a powerful freezing melee attack.
Your maximum health is increased.
Your armour is entirely melded.
You are incapable of wielding weapons or throwing items.
You cannot wear most types of armour.
You are amphibious.
You can wear up to eight rings at the same time.
((Your skin changes colour to match your surroundings (Stealth+).))
((Your rubbery body absorbs attacks. (AC +1, EV +1)))
((You are camouflaged when in or above water. (Stealth+)))
((You have tentacles for arms and can constrict up to eight enemies at once.))


   Skills:
 - Level 1.0 Fighting
 - Level 2.0 Dodging
 - Level 3.0 Unarmed Combat
 + Level 8.0 Spellcasting
 + Level 8.7 Transmutations
 - Level 4.0 Ice Magic
 - Level 4.0 Poison Magic


You had 12 spell levels left.
You knew the following spells:

 Your Spells              Type           Power      Damage    Failure   Level
a - Ozocubu's Armour      Ice            23%        N/A       5%          3
b - Wereblood             Tmut           40%        N/A       1%          2
c - Spider Form           Tmut/Pois      31%        N/A       1%          3
d - Ice Form              Ice/Tmut       31%        N/A       7%          4

Your spell library contained the following spells:

 Spells                   Type           Power      Damage    Failure   Level
 Beastly Appendage        Tmut           80%        N/A       1%          1
 Summon Small Mammal      Summ           28%        N/A       9%          1
 Sublimation of Blood     Necr           7%         N/A       14%         2
 Call Canine Familiar     Summ           7%         N/A       26%         3
 Summon Guardian Golem    Hex/Summ       7%         N/A       26%         3
 Cause Fear               Hex            3%         N/A       65%         4
 Metabolic Englaciation   Hex/Ice        7%         N/A       73%         5
 Dragon Form              Tmut           20%        N/A       91%         7
 Simulacrum               Ice/Necr       7%         N/A       99%         6
 Summon Hydra             Summ           3%         N/A       100%        7
 Dragon's Call            Summ           3%         N/A       100%        9

Inventory:

Jewellery
 l - the amulet of Elemental Vulnerability {rPois rF-- rC-- AC+8}
   (You found it on level 4 of the Dungeon)

   [amulet of nothing]

   AC:        It affects your AC (+8).
   rF:        It makes you very vulnerable to fire.
   rC:        It makes you very vulnerable to cold.
   rPois:     It protects you from poison.
 o - a ring of fire
   (You found it on level 3 of the Dungeon)
 v - a ring of see invisible (left front paw)
   (You found it on level 6 of the Dungeon)
Wands
 i - a wand of charming (12)
   (You found it on level 5 of the Dungeon)
 w - a wand of roots (2)
   (You found it on level 6 of the Dungeon)
Scrolls
 c - a scroll of fog
 g - a scroll of amnesia
 j - 2 scrolls of magic mapping
 m - a scroll of teleportation
 q - a scroll of enchant weapon
 r - a scroll of poison
Potions
 a - a potion of lignification
 b - 3 potions of curing
 d - a potion of attraction {unknown}
 e - 2 potions of might {unknown}
 f - a potion of resistance
 h - a potion of haste {unknown}
 k - a potion of ambrosia {unknown}
 n - a potion of magic {unknown}
 p - a potion of cancellation {unknown}
 s - a potion of mutation {unknown}
 t - a potion of degeneration {unknown}
 u - a potion of heal wounds

Dungeon Overview and Level Annotations

Branches:
Dungeon (7/15) Zot: 25842
 Temple: D:4-7

Altars:
Elyvilon
Fedhas
Makhleb
Vehumet

Shops:
D:5

( ##.....#.........
.#.....#.(....... . #.
...............###...
...............# .#.#
#..............##...## ##.
###.......#..........##...
####....<......... .......
.####..<>......#.##.......
...#.....YYY#..#Y.........
..........Y###YY#.........
............#..Y##).......
...##..........o.)).......
#..........##.....(.......
..........###............#
..###......#..............
.##.....#.......#.........
..#..............#........


You could see 3 yaks and an orc.


Message History

a +0 short sword; a yak corpse Your transformation is almost over.
You warm up again.
Key pressed, stopping explore.
Key pressed, stopping explore.
Done exploring. 😎 HP[+11]
You now have 53 max hp (-10).
Your hp is fully restored (53).
Done exploring.
Done exploring.
As you read the scroll labelled OTERHI GIROHEARATA, it crumbles to dust.
Magic quickly surges around you.
It was a scroll of vulnerability.
Unknown command.
Unknown command.
You start waiting.
You feel your willpower return.
There is a stone staircase leading down here.
Unknown command.
Casting: Ice Form (dangerous; 7% risk of failure)
Confirm with . or Enter, or press ? or * to list all spells.
You turn into a creature of crystalline ice. 😎 HP[+10] MP[-4]
You now have 63 max hp (+10).
Your hp is fully restored (63).
You lost 4 mp, and now have 16/20 mp.
You climb downwards.
The yak gores you but does no damage. The yak completely misses you.
There is a stone staircase leading up here.
Unknown command.
The yak attacks as you move away! The yak barely misses you.
The yak attacks as you move away! The yak gores you! The yak barely misses you.
There is a stone staircase leading down here.
Things that are here:
a +0 plate armour; a +0 flail; 😕 HP[-7]
You take 7 damage, and now have 56/63 hp.
The yak attacks as you move away!
The yak gores you but does no damage. 😕 MP[+1]
The yak attacks as you move away!
The yak gores you but does no damage. 😕 HP[+1]
You punch the yak! You freeze the yak. You barely miss the yak.
The yak closely misses you. The yak gores you! 😮 HP[-13]
You take 13 damage, and now have 44/63 hp.
MASSIVE DAMAGE!! (PAUSE)
The yak attacks as you move away! The yak barely misses you.
The yak gores you. 😮 HP[-5] MP[+1]
You take 5 damage, and now have 39/63 hp.
The yak attacks as you move away!
The yak gores you but does no damage. 😮 HP[+1]
Casting: Ice Form (dangerous; 7% risk of failure)
Confirm with . or Enter, or press ? or * to list all spells.
Your blood is infused with primal strength.
The yak gores you. 😮 HP[-6] MP[-2]
You take 6 damage, and now have 34/63 hp.
You lost 2 mp, and now have 16/20 mp.
Unknown command.
Casting: Wereblood (safe; 1% risk of failure)
Confirm with . or Enter, or press ? or * to list all spells.
Your icy body feels more resilient.
The yak gores you.
* * * LOW HITPOINT WARNING * * *
😨 HP[-6] MP[-3]
You take 6 damage, and now have 28/63 hp.
You lost 3 mp, and now have 13/20 mp.
Unknown command.
You are too injured to fight recklessly!
You are too injured to fight recklessly!
Unknown command.
You punch the yak! You freeze the yak. The yak gores you but does no damage.
You hit the yak. You freeze the yak. The yak closely misses you. 😨 MP[+1]
You barely miss the yak. The yak gores you.
* * * LOW HITPOINT WARNING * * *
😨 HP[-3]
You take 3 damage, and now have 25/63 hp.
You punch the yak! You freeze the yak.
The yak gores you but does no damage. 😨 HP[+1]
You punch the yak! You freeze the yak.
You feel a bit better.
You kill the yak!
Your Spellcasting skill increases to level 8! 😨 HP[+2]
You regained 2 hp, and now have 28/63 hp.
You barely miss the yak. The yak gores you.
* * * LOW HITPOINT WARNING * * *
😨 HP[-3]
You take 3 damage, and now have 25/63 hp.
You hit the yak. You freeze the yak. The yak closely misses you.
You hit the yak. You freeze the yak.
You howl as the wereblood boils in your veins!
The yak gores you!
* * * LOW HITPOINT WARNING * * *
😱 HP[-12] MP[+1]
You take 12 damage, and now have 13/63 hp.
You hit the yak. You freeze the yak.
The yak gores you but does no damage. 😱 HP[+1]
You hit the yak but do no damage. The yak gores you.
* * * LOW HITPOINT WARNING * * *
😱 HP[-3]
You take 3 damage, and now have 11/63 hp.
You hit the yak. You freeze the yak. The yak gores you!
You die...

Skill      XL: |  1  2  3  4  5  6  7  8  9 |
---------------+----------------------------+-----
Poison Magic   | 1 3 4 |  4.0
Ice Magic      | 3 4 |  4.0
Transmutations | 4 5 7 8 |  8.7
Spellcasting   | 3 4 6 8 |  8.0
Fighting       | |  1.0
Dodging        | |  2.0
Unarmed Combat | |  3.0

Action                   |  1- 3 |  4- 6 |  7- 9 || total
-------------------------+-------+-------+-------++-------
Melee: Unarmed           |    90 |    61 |   215 ||   366
       Kick              |    11 |     3 |       ||    14
       Constrict         |    18 |     8 |     4 ||    30
       Tentacles         |    19 |     5 |     2 ||    26
       Punch             |     1 |       |     4 ||     5
 Cast: Beastly Appendage |     7 |     5 |       ||    12
       Spider Form       |     1 |     5 |     8 ||    14
       Ice Form          |       |     1 |    15 ||    16
       Ozocubu's Armour  |       |       |    14 ||    14
       Wereblood         |       |       |     4 ||     4
  Use: Scroll            |     4 |     9 |     3 ||    16
       Potion            |     1 |     3 |     4 ||     8
 Stab: Sleeping          |     3 |     7 |       ||    10
       Invisible         |       |       |     5 ||     5
Armor: Skin              |    10 |    14 |   147 ||   171
Dodge: Dodged            |    55 |    49 |   167 ||   271

Levels and vault maps discovered:
D:1:      dpeg_arrival_arbitrary_c, layout_loops_ring,
          hellmonk_ecumenical_altar_pennies_from_heaven
D:2:      layout_loops_ring
D:3:      layout_loops_ring
D:4:      layout_gridville, grunt_decor_resistance
D:5:      layout_basic, mainiacjoe_overflow_catwalk,
          nicolae_overflow_hidden_temple, serial_shops,
          nicolae_shop_bloodbath_and_beyond, uniq_grinder
D:6:      layout_basic, mainiacjoe_overflow_surrounded_room
D:7:      layout_cave_pools, minmay_temple_entry_junction

Notes
Turn   | Place    | Note
-------+----------+-------------------------------------------
     0 | D:1      | ytrimaz the Octopode Transmuter began the quest for the
                  | Orb.
     0 | D:1      | Reached XP level 1. HP: 13/13 MP: 3/3
     0 | D:1      | magus.rc [v1.9.6]
    27 | D:1      | Reached skill level 1 in Poison Magic
    53 | D:1      | Reached XP level 2. HP: 9/18 MP: 5/5
   200 | D:1      | Reached skill level 2 in Poison Magic
   217 | D:1      | HP: 4/18 [goblin/+1 dagger of distortion (3)]
   760 | D:1      | Found a faded altar of an unknown god.
   795 | D:1      | Reached skill level 3 in Poison Magic
   927 | D:1      | You pick up a book of the Dragon and begin reading...
   927 | D:1      | You add the spells Cause Fear, Dragon Form and Dragon's
                  | Call to your library.
   938 | D:1      | Reached XP level 3. HP: 13/23 MP: 6/6
   941 | D:1      | Learned a level 2 spell: Wereblood
   945 | D:1      | Learned a level 3 spell: Spider Form
  1124 | D:1      | You pick up a book of Blood and begin reading...
  1124 | D:1      | You add the spells Sublimation of Blood and Summon Hydra to
                  | your library.
  2538 | D:3      | You fall into a shaft and drop 2 floors!
  2538 | D:5      | Entered Level 5 of the Dungeon
  2567 | D:5      | Noticed an ice beast
  2579 | D:5      | Killed an ice beast
  2580 | D:5      | Reached skill level 3 in Ice Magic
  2580 | D:5      | Reached skill level 4 in Poison Magic
  2580 | D:5      | Reached XP level 4. HP: 13/28 MP: 7/7
  2580 | D:5      | Reached XP level 5. HP: 16/33 MP: 8/8
  3405 | D:4      | Found the amulet of Elemental Vulnerability {rPois rF--
                  | rC-- AC+8}
  3479 | D:3      | You pick up a book of Callings and begin reading...
  3479 | D:3      | You add the spells Summon Small Mammal, Call Canine
                  | Familiar and Summon Guardian Golem to your library.
  3843 | D:3      | Reached skill level 4 in Ice Magic
  4358 | D:4      | Noticed a black bear
  4368 | D:4      | HP: 4/33 [black bear (12)]
  4369 | D:4      | Killed a black bear
  4370 | D:4      | Reached XP level 6. HP: 4/38 MP: 6/9
  4374 | D:4      | HP: 8/38 [acid (5)]
  4380 | D:4      | HP: 10/57 [acid (5)]
  4383 | D:4      | Reached skill level 3 in Transmutations
  4737 | D:4      | You pick up a book of Winter and begin reading...
  4737 | D:4      | You add the spells Ozocubu's Armour, Metabolic Englaciation
                  | and Simulacrum to your library.
  5256 | D:5      | Found a burning altar of Makhleb.
  5263 | D:5      | Learned a level 4 spell: Ice Form
  5274 | D:5      | Found a blossoming altar of Fedhas.
  5275 | D:5      | Found a white marble altar of Elyvilon.
  5277 | D:5      | Noticed Grinder
  5642 | D:5      | Found Qypuucay's Weapon Boutique.
  5646 | D:5      | Paralysed by Grinder for 5 turns
  5655 | D:5      | Killed Grinder
  5656 | D:5      | Reached skill level 3 in Spellcasting
  5656 | D:5      | Reached skill level 4 in Transmutations
  5656 | D:5      | Reached XP level 7. HP: 23/43 MP: 7/12
  5956 | D:5      | HP: 10/43 [gnoll/+0 halberd (6)]
  6007 | D:5      | Reached skill level 4 in Spellcasting
  6870 | D:6      | Noticed a yak
  6871 | D:6      | Noticed a yak
  6871 | D:6      | Noticed a yak
  6871 | D:6      | Noticed a yak
  7045 | D:6      | Found a radiant altar of Vehumet.
  7204 | D:6      | Reached skill level 5 in Transmutations
  7352 | D:6      | Reached XP level 8. HP: 18/48 MP: 10/15
  7552 | D:6      | Reached skill level 5 in Spellcasting
  7653 | D:6      | Killed a yak
  7658 | D:6      | Killed a yak
  7659 | D:6      | Reached skill level 6 in Transmutations
  7677 | D:6      | Killed a yak
  7678 | D:6      | Killed a yak
  7679 | D:6      | Reached skill level 6 in Spellcasting
  7754 | D:6      | Learned a level 3 spell: Ozocubu's Armour
  7876 | D:6      | Reached skill level 7 in Transmutations
  7876 | D:6      | Reached XP level 9. HP: 53/53 MP: 9/18
  8707 | D:7      | Reached skill level 7 in Spellcasting
  8718 | D:6      | HP: 8/63 [yak (10)]
  8719 | D:6      | Reached skill level 8 in Transmutations
  8970 | D:6      | HP: 15/63 [yak (3)]
  9848 | D:7      | Reached skill level 8 in Spellcasting
  9850 | D:7      | HP: 13/63 [yak (12)]
  9853 | D:7      | Slain by a yak

Vanquished Creatures
  Grinder (D:5)
  8 yaks
  2 water moccasins (D:6)
  2 black bears
  2 ice beasts
  An orc warrior (D:7)
  A kobold brigand (D:7)
  A bullfrog (D:7)
  A necrophage (D:6)
  A gnoll sergeant (D:5)
  6 jellies
  A howler monkey (D:6)
  5 hounds
  An iguana (D:6)
  An orc wizard (D:6)
  6 gnolls (D:5)
  A white imp (D:7)
  3 ufetubi
  A worm (D:2)
  A dart slug (D:4)
  7 orcs
  5 ball pythons
  6 bats
  10 endoplasms
  2 giant cockroaches (D:1)
  8 goblins
  3 hobgoblins
  2 jackals (D:1)
  3 quokkas
  2 frilled lizards
  8 kobolds
  4 rats
106 creatures vanquished.

Table legend:
 A = Non-vault XP
 B = Vault XP
 C = Vault XP percentage of total XP
 D = Non-vault monster count
 E = Vault monster count
 F = Vault count percentage of total count
                 A         B        C        D         E       F
            +---------+---------+-------+---------+---------+-------
      Total |    3847 |     281 |   6.8 |     105 |       1 |   0.9
            +---------+---------+-------+---------+---------+-------
        D:1 |      41 |       0 |   0.0 |      22 |       0 |   0.0
        D:2 |      22 |       0 |   0.0 |      12 |       0 |   0.0
        D:3 |      21 |       0 |   0.0 |      13 |       0 |   0.0
        D:4 |     293 |       0 |   0.0 |       6 |       0 |   0.0
        D:5 |     396 |     281 |  41.5 |      12 |       1 |   7.7
        D:6 |    2274 |       0 |   0.0 |      26 |       0 |   0.0
        D:7 |     800 |       0 |   0.0 |      14 |       0 |   0.0
            +---------+---------+-------+---------+---------+-------

Illustrated notes

Table legend:
 A = Kills in this place as a percentage of kills in entire the game.
 B = Kills by you in this place as a percentage of kills by you in the entire game.
 C = Kills by friends in this place as a percentage of kills by friends in the entire game.
 D = Other kills in this place as a percentage of other kills in the entire game.
 E = Experience gained in this place as a percentage of experience gained in the entire game.
 F = Experience gained in this place divided by the number of levels of this place that you have seen.
                   A       B       C       D       E      F
               +-------+-------+-------+-------+-------+----------------------
         Total | 100.0 | 100.0 |   N/A |   N/A | 100.0 | 589.7
       Dungeon | 100.0 | 100.0 |   N/A |   N/A | 100.0 | 589.7
               +-------+-------+-------+-------+-------+----------------------

Table legend: (Time is in decaauts)
 A = Elapsed time spent in this place.
 B = Non-inter-level travel time spent in this place.
 C = Inter-level travel time spent in this place.
 D = Time resting spent in this place.
 E = Time spent auto-exploring this place.
 F = Levels seen in this place.
 G = Mean time per level.
                   A        B        C        D        E       F      G
               +--------+--------+--------+--------+--------+-----+--------+
         Total |   9834 |   9470 |    364 |   1380 |   6971 |   7 | 1404.9 |
       Dungeon |   9834 |   9470 |    364 |   1380 |   6971 |   7 | 1404.9 |
               +--------+--------+--------+--------+--------+-----+--------+

Top non-repeatable levels by time:
     D:6: 2543 daAuts
     D:5: 2143 daAuts
     D:1: 1442 daAuts
     D:4: 1361 daAuts
     D:2: 1084 daAuts
     D:3: 866 daAuts
     D:7: 392 daAuts
